 Dungeon Crawl Stone Soup version 0.31-a0-1467-g53b6572822 (webtiles) character file.

Game seed: 4429858762911106875

280828 toffzen the Shatterer (level 19, -2/180 HPs)
             Began as a Minotaur Berserker on Sept 18, 2023.
             Was the Champion of Trog.
             Killed from afar by a storm dragon (24 damage)
             ... with a bolt of lightning
             ... on level 3 of the Depths on Dec 28, 2023.
             The game lasted 01:23:04 (44745 turns).

toffzen the Shatterer (Minotaur Berserker)         Turns: 44745, Time: 01:23:05

Health: -2/180     AC: 29    Str: 24    XL:     19   Next: 69%
Magic:  18/18      EV: 26    Int:  4    God:    Trog [******]
Gold:   2188       SH: 22    Dex: 16    Spells: 18/18 levels left

rFire   + + .        a - +1 demon whip (vamp)
rCold   + + +        I - +2 tower shield {rN+}
rNeg    + . .        P - +4 gold dragon scales
rPois   +            s - +0 hat
rElec   .            G - scarf {rC+ rF+}
rCorr   +            (no gloves)
SInv    +            q - +2 pair of boots {Stlth+}
Will    +++..        y - amulet of the acrobat Stlth
                     Y - ring of Xom's Recklessness {rC+ rCorr SInv}
HPRegen 1.50/turn    v - ring of poison resistance
MPRegen 0.16/turn

%: acrobat
@: strong-willed, acrobatic, regenerating
A: horns 2, retaliatory headbutt
}: 2/15 runes: decaying, serpentine
a: Renounce Religion, Berserk, Trog's Hand, Brothers in Arms


You were on level 3 of the Depths.
You worshipped Trog.
Trog was exalted by your worship.
You visited 6 branches of the dungeon, and saw 33 of its levels.
You also visited: Sewer.

You collected 3537 gold pieces.
You spent 1349 gold pieces at shops.

Inventory:

Hand Weapons
 a - a +1 vampiric demon whip (weapon)
 b - the +6 mace "Holaah" {venom, *Slow +Blink rC+}
   (You found it on level 5 of the Lair of Beasts)

   rC+:       It protects you from cold.
   +Blink:    It lets you blink.
   *Slow:     It may slow you when you take damage.
 l - a +1 antimagic morningstar
Missiles
 d - 277 stones
 t - 5 throwing nets
Armour
 q - a +2 pair of boots of stealth (worn)
 s - a +0 hat (worn)
 G - a scarf of resistance (worn)
 I - a +2 tower shield of positive energy (worn)
 P - +4 gold dragon scales (worn)
 V - a +2 scale mail of willpower
 Z - the +8 plate armour of Impermeability {Regen+ rCorr Str+4 Stlth-}
   (You bought it in a shop on level 2 of the Orcish Mines)

   Str+4:     It affects your strength (+4).
   Regen+:    It increases your rate of health regeneration.
   rCorr:     It protects you from acid and corrosion.
   Stlth-:    It makes you less stealthy.
Jewellery
 h - a ring of protection from fire
 m - the amulet of the Dolphin {Faith -Tele rElec Regen+ MP+9}
   (You took it off a spriggan defender on level 2 of the Depths)

   [amulet of faith]

   Faith:     It allows you to gain divine favour quickly.
   rElec:     It insulates you from electricity.
   MP+9:      It affects your magic capacity (+9).
   -Tele:     It prevents most forms of teleportation.
   Regen+:    It increases your rate of health regeneration.
 v - a ring of poison resistance (right hand)
 y - an amulet of the acrobat (around neck)
 M - a ring of willpower
 O - a ring of fire
 S - a +6 ring of dexterity
 Y - the ring of Xom's Recklessness (left hand) {rC+ rCorr SInv}
   (You found it on level 15 of the Dungeon)

   [ring of see invisible]

   rC+:       It protects you from cold.
   SInv:      It lets you see invisible.
   rCorr:     It protects you from acid and corrosion.
Wands
 i - a wand of paralysis (24)
 r - a wand of digging (13)
 u - a wand of roots (17)
 H - a wand of flame (64)
 K - a wand of acid (21)
Scrolls
 f - 3 scrolls of immolation
 p - 3 scrolls of poison
 w - 2 scrolls of brand weapon
 x - 7 scrolls of teleportation
 C - 2 scrolls of enchant weapon
 D - a scroll of summoning
 F - 6 scrolls of vulnerability
 J - 3 scrolls of revelation
 N - 2 scrolls of fear
 Q - 3 scrolls of silence
 R - 3 scrolls of noise
 T - 2 scrolls of torment
 U - a scroll of blinking
 W - 10 scrolls of identify
 X - a scroll of fog
Potions
 c - 3 potions of invisibility
 e - 8 potions of curing
 g - 5 potions of enlightenment
 j - 7 potions of heal wounds
 n - 2 potions of lignification
 o - 2 potions of berserk rage
 z - 5 potions of mutation
 A - 5 potions of might
 B - 2 potions of resistance
 E - 5 potions of haste
 L - 2 potions of cancellation


   Skills:
 + Level 18.3 Fighting
 + Level 22.4 Maces & Flails
 + Level 18.2 Armour
 + Level 16.5 Dodging
 + Level 17.5 Shields
 - Level 10.0 Evocations


You had 18 spell levels left.
You didn't know any spells.
Your spell library was empty.

Dungeon Overview and Level Annotations

Branches:
Dungeon (15/15)            Temple (0/1) D:7            Lair (5/5) D:9
  Swamp (4/4) Lair:2        Snake (4/4) Lair:3        Slime (0/5) Lair:4
    Orc (2/2) D:11            Elf (0/3) Orc:2        Vaults (0/5) D:13
 Depths (3/4) D:15          Sewer (visited)

Altars:
Dithmenos
Fedhas
Gozag
Hepliaklqana
Kikubaaqudgha
Nemelex Xobeh
Okawaru
Yredelemnul
Zin
The Shining One
Jiyva

Shops:
D:2 (   D:8 [   D:10 (   Orc:1 =   Orc:2 ***[:   Snake:1 **!   Depths:2 =

Portals:
Hell: Depths:1 Depths:2 Depths:3
Abyss: Depths:3
Pandemonium: Depths:2 Depths:3
Ziggurat: Depths:2

Annotations:
D:9 2 runed translucent doors
D:14 Roxanne


Innate Abilities, Weirdness & Mutations

You have a pair of horns on your head.
You reflexively headbutt those who attack you in melee.


Message History

The walking crystal tome is almost destroyed.
You hit the walking crystal tome but do no damage.
You headbutt the walking crystal tome.
The walking crystal tome is almost destroyed.
The walking crystal tome erupts in a flurry of living spells!
The living spell casts itself at you. The crystal spear hits you!!!
* * * LOW HITPOINT WARNING * * *
You hear a deafening roar!
You barely miss the walking crystal tome.
You headbutt the walking crystal tome.
The walking crystal tome is almost destroyed.
The walking crystal tome hits you but does no damage.
You hit the walking crystal tome.
The walking crystal tome is almost destroyed.
You hit the walking crystal tome.
You headbutt the walking crystal tome, but do no damage.
The walking crystal tome is almost destroyed.
A storm dragon comes into view.
You hit the walking crystal tome but do no damage.
You headbutt the walking crystal tome, but do no damage.
The walking crystal tome is almost destroyed.
You completely miss the walking crystal tome.
You headbutt the walking crystal tome.
You destroy the walking crystal tome!
Trog accepts your kill.
Trog appreciates your killing of a magic user.
There is an open door here.
The fire dragon breathes flames at you. The blast of flame misses you.
Your skin crawls.
You feel strong-willed.
There is an open door here.
The storm dragon breathes lightning at you.
The bolt of lightning misses you.
The storm dragon breathes lightning at you.
The bolt of lightning hits you!!
* * * LOW HITPOINT WARNING * * *
The bolt of lightning hits you!!
You die...

####.##......#..# #.# #.#.# #.
......#).....#..# #.#####.#.# #.
......'..D.D.D..# #.......#.# #.
#####'#'#....#..# #..######'## #.
........##'###.D# #..###.....# #.
####'#####.# #..# #...^+.....# #.
##.## #..# #..####'###.....# #.
#..)# ######..##.....#.<...###.
##.## #......@'.....#...^.+...
#.##D##.######..##....)'.....#.##
.W..)...# #..##...(.###+###'##
#.##.##.######..##......#..##....
# #.# ##......####'####...'....
).$ #.###............###.... ###
##.# ##.###.#####'###.... #.##
#.# #.# #....'.... #.# ###+###.#
#....####+


You could see a storm dragon (catching breath) and a fire dragon.

Vanquished Creatures
  Mara (Snake:3)
  A juggernaut (Depths:2)
  A golden dragon (Depths:3)
  Mlioglotl (Swamp:4)
  3 liches
  A walking crystal tome (Depths:3)
  A quicksilver dragon (Depths:3)
  A sphinx (Depths:2)
  A walking frostbound tome (Depths:3)
  Frances (Swamp:2)
  Gastronok (D:10)
  Kirke (D:12)
  4 tengu reavers
  A storm dragon (Depths:3)
  3 nagarajas (Snake:4)
  Louise (Snake:3)
  7 frost giants
  4 fire giants
  2 balrugs
  A spriggan defender (Depths:2)
  A caustic shrike skeleton (Depths:1)
  5 very ugly things
  12 stone giants
  A vampire knight (Depths:3)
  4 eleionomae
  Azrael (Snake:1)
  A spark wasp (Depths:3)
  A dire elephant (Lair:5)
  2 bunyips
  6 ettins
  4 shambling mangroves
  Josephine (D:14)
  4 fire dragons
  4 rakshasas
  6 salamander tyrants
  A caustic shrike simulacrum (Depths:2)
  6 ice dragons
  5 alligators
  A catoblepas (Lair:5)
  17 hydras
  2 ghost crabs
  11 anacondas
  4 spriggan air magi
  An ogre mage (D:14)
  4 centaur warriors
  10 two-headed ogres
  22 death yaks
  3 boulder beetles
  4 tengu warriors
  10 naga warriors
  A deep troll shaman (Lair:5)
  3 orc high priests (Orc:2)
  4 deep troll earth magi
  A titan zombie (Depths:1)
  2 soul eaters (D:15)
  8 spriggan berserkers
  13 shock serpents
  4 sun demons (D:15)
  12 naga sharpshooters
  A storm dragon zombie (Depths:2)
  A spectral catoblepas (Lair:2)
  5 hell knights (Depths:3)
  A sixfirhy (Depths:3)
  5 goliath frogs
  3 skeletal warriors
  4 deep trolls
  A spectral death yak (Lair:2)
  7 iron trolls
  2 titan skeletons
  2 sea snakes (Snake:2)
  5 salamander mystics
  A spark wasp zombie (Depths:2)
  An orb spider (shapeshifter) (Depths:1)
  A golden dragon zombie (D:15)
  3 glowing orange brains
  2 flayed ghosts
  5 naga ritualists
  14 swamp dragons
  An occultist (D:14)
  A swamp dragon (shapeshifter) (D:13)
  3 spriggan druids
  Pikel (D:4)
  A deep elf archer (D:13)
  5 bog bodies
  A lindwurm (Lair:4)
  6 necromancers
  9 mana vipers
  A fire giant zombie (D:15)
  11 ugly things
  5 deep elf pyromancers
  17 salamanders
  5 orc knights
  5 cyclopes
  6 orc sorcerers
  5 will-o-the-wisps
  3 manticores
  A stone giant zombie (Depths:1)
  10 elephants (Lair:5)
  A black mamba (shapeshifter) (D:13)
  33 black mambas
  Maurice (D:12)
  2 fire giant skeletons (Depths:2)
  2 guardian serpents
  11 cane toads
  14 naga magi
  A torpor snail (Lair:4)
  A gargoyle (D:12)
  3 smoke demons
  Maggie (D:8)
  3 kobold demonologists
  2 unseen horrors
  4 centaur skeletons (D:13)
  5 rime drakes
  A spriggan zombie (Depths:1)
  8 komodo dragons
  4 tengu conjurers
  7 tyrant leeches
  4 trolls
  21 hornets
  4 polar bears
  Prince Ribbit (D:5)
  7 blink frogs
  An ettin zombie (Depths:2)
  A stone giant simulacrum (Depths:1)
  6 slime creatures
  2 shadows
  2 vampires
  Sigmund (D:2)
  A spriggan skeleton (D:15)
  A culicivora (shapeshifter) (Depths:2)
  47 yaks
  14 spriggans
  5 wraiths
  4 wyverns
  A basilisk (D:14)
  A hog (D:12)
  3 fire elementals (Snake:1)
  A spriggan simulacrum (Depths:1)
  Edmund (D:6)
  12 vampire mosquitoes
  A human zombie (Depths:1)
  34 nagas
  An acid dragon (D:11)
  A warg (Orc:2)
  15 swamp worms
  4 hell hounds (Snake:1)
  15 water moccasins
  Pargi (Sewer)
  8 swamp drakes
  24 orc warriors
  2 glowing shapeshifter skeletons (Depths:2)
  A spectral blink frog (Lair:2)
  A sky beast (D:7)
  8 black bears
  4 ogres
  21 wolves
  7 centaurs
  6 kobold brigands
  17 bullfrogs
  2 scorpions
  3 gnoll sergeants
  22 wights
  12 killer bees
  5 howler monkeys
  20 orc priests
  2 hounds
  A gnoll bouda (D:9)
  3 iguanas (D:6)
  A sleepcap (D:8)
  27 orc wizards
  14 gnolls
  3 adders
  A shadow imp (D:8)
  3 white imps
  A worm (D:5)
  5 dart slugs
  83 orcs
  7 endoplasms
  4 giant cockroaches
  9 goblins
  5 hobgoblins
  4 jackals (D:1)
  12 quokkas
  6 ball pythons
  10 bats
  3 frilled lizards (D:1)
  23 kobolds
  4 rats
1111 creatures vanquished.

Vanquished Creatures (collateral kills)
  A boulder beetle (D:10)
  An orc warrior (D:10)
  A centaur (D:10)
3 creatures vanquished.

Vanquished Creatures (others)
  A fire giant (Depths:2)
  A spriggan berserker (Swamp:4)
  A swamp dragon (Swamp:4)
  A tengu conjurer (Depths:2)
  A tyrant leech (Swamp:1)
  2 bloated husks
  2 humans (D:12)
  A swamp drake (Swamp:4)
  20 foxfires
30 creatures vanquished.

Grand Total: 1144 creatures vanquished

Notes
Turn   | Place    | Note
-------+----------+-------------------------------------------
     0 | D:1      | toffzen the Minotaur Berserker began the quest for the Orb.
     0 | D:1      | Reached XP level 1. HP: 19/19 MP: 0/0
    78 | D:1      | Reached skill level 4 in Maces & Flails
    78 | D:1      | Reached XP level 2. HP: 27/27 MP: 1/1
   316 | D:1      | Found a faded altar of an unknown god.
   473 | D:1      | Reached XP level 3. HP: 33/33 MP: 2/2
  1063 | D:2      | Noticed Sigmund
  1072 | D:2      | Killed Sigmund
  1073 | D:2      | Reached skill level 5 in Maces & Flails
  1073 | D:2      | Reached skill level 1 in Shields
  1073 | D:2      | Reached XP level 4. HP: 41/41 MP: 3/3
  1073 | D:2      | Reached XP level 5. HP: 47/47 MP: 4/4
  1155 | D:2      | Found Caphav's Weapon Emporium.
  1408 | D:3      | Reached ** piety under Trog
  1484 | D:3      | Found a sparkling altar of Nemelex Xobeh.
  2166 | D:4      | Noticed a black bear
  2172 | D:4      | Killed a black bear
  2173 | D:4      | Reached XP level 6. HP: 55/55 MP: 5/5
  2405 | D:4      | Noticed Pikel
  2433 | D:4      | Killed Pikel
  2434 | D:4      | Reached skill level 5 in Fighting
  2434 | D:4      | Reached skill level 7 in Maces & Flails
  2434 | D:4      | Reached XP level 7. HP: 24/61 MP: 6/6
  2871 | D:5      | Entered Level 5 of the Dungeon
  3027 | D:5      | Reached skill level 5 in Armour
  3036 | D:5      | Noticed Prince Ribbit
  3045 | D:5      | Killed Prince Ribbit
  3046 | D:5      | Reached XP level 8. HP: 70/70 MP: 7/7
  3157 | D:5      | Found a glowing silver altar of Zin.
  3466 | D:5      | Found a glowing drain.
  3488 | Sewer    | Entered a sewer
  3517 | Sewer    | Noticed Pargi
  3531 | Sewer    | Killed Pargi
  3532 | Sewer    | Reached skill level 8 in Maces & Flails
  3532 | Sewer    | Reached skill level 5 in Dodging
  4174 | D:5      | Reached skill level 5 in Shields
  4333 | D:6      | Reached skill level 9 in Maces & Flails
  4333 | D:6      | Reached XP level 9. HP: 51/78 MP: 8/8
  4784 | D:6      | Noticed Edmund
  4787 | D:6      | Reached *** piety under Trog
  4796 | D:6      | Killed Edmund
  5403 | D:7      | Found a staircase to the Ecumenical Temple.
  5408 | D:7      | Reached skill level 10 in Maces & Flails
  6162 | D:8      | Reached **** piety under Trog
  6494 | D:8      | Reached XP level 10. HP: 76/88 MP: 9/9
  6667 | D:8      | Found a shadowy altar of Dithmenos.
  6667 | D:8      | Found an ancient bone altar of Kikubaaqudgha.
  6675 | D:8      | Found a blossoming altar of Fedhas.
  6677 | D:8      | Found a basalt altar of Yredelemnul.
  6679 | D:8      | Found a hazy altar of Hepliaklqana.
  6740 | D:8      | Noticed Maggie
  6754 | D:8      | Killed Maggie
  6755 | D:8      | Reached skill level 11 in Maces & Flails
  6831 | D:8      | Paralysed by a hornet for 3 turns
  7091 | D:8      | Found an opulent altar of Gozag.
  7166 | D:8      | Found Jarrid's Antique Armour Emporium.
  8041 | D:9      | Found a staircase to the Lair.
  8140 | D:9      | Noticed a centaur warrior
  8415 | D:9      | Reached skill level 12 in Maces & Flails
  8576 | D:9      | Found a large runed translucent door.
  8584 | D:9      | Found a large runed translucent door.
  8668 | D:9      | Killed a centaur warrior
  8835 | D:9      | Reached ***** piety under Trog
  9041 | D:10     | Entered Level 10 of the Dungeon
  9117 | D:9      | Reached XP level 11. HP: 97/97 MP: 10/10
  9698 | D:10     | Noticed a boulder beetle
  9775 | D:10     | Reached skill level 13 in Maces & Flails
  9799 | D:10     | Killed a boulder beetle
 10172 | D:10     | Noticed Gastronok
 10217 | D:10     | Killed Gastronok
 10485 | D:10     | Found Uruc's Antique Weapon Emporium.
 10734 | Lair:1   | Entered Level 1 of the Lair of Beasts
 10757 | Lair:1   | Reached skill level 10 in Fighting
 11367 | Lair:1   | Reached skill level 10 in Armour
 11640 | Lair:1   | Reached skill level 14 in Maces & Flails
 11683 | Lair:2   | Received a gift from Trog
 11689 | Lair:3   | Reached XP level 12. HP: 53/107 MP: 11/11
 12478 | Lair:2   | Noticed a death yak
 12478 | Lair:2   | Noticed a death yak
 12480 | Lair:2   | Noticed a death yak
 12519 | Lair:1   | Killed a death yak
 12545 | Lair:2   | Noticed a death yak
 12556 | Lair:1   | Killed a death yak
 12658 | Lair:2   | Noticed a death yak
 12658 | Lair:2   | Noticed a death yak
 12670 | Lair:1   | Killed a death yak
 12675 | Lair:1   | Killed a death yak
 12787 | Lair:1   | Killed a death yak
 12794 | Lair:1   | Killed a death yak
 13166 | Lair:2   | Reached skill level 15 in Maces & Flails
 13372 | Lair:2   | Reached skill level 10 in Shields
 13374 | Lair:2   | Noticed a ghost crab
 14127 | Lair:3   | Reached skill level 10 in Dodging
 14309 | Lair:3   | Found a staircase to the Snake Pit.
 14721 | Lair:3   | Noticed a four-headed hydra
 14732 | Lair:3   | Killed a four-headed hydra
 14733 | Lair:3   | Reached XP level 13. HP: 104/116 MP: 12/12
 15614 | Lair:3   | Upgraded the game from 0.31-a0-795-g5eb97db20b to
                  | 0.31-a0-845-g9abc20d24f
 15657 | Lair:3   | Reached skill level 16 in Maces & Flails
 17002 | Lair:5   | Entered Level 5 of the Lair of Beasts
 17892 | Lair:4   | Found a viscous altar of Jiyva.
 17893 | Lair:4   | Found a staircase to the Slime Pits.
 18083 | Lair:5   | Reached skill level 17 in Maces & Flails
 18873 | Lair:4   | Reached XP level 14. HP: 108/127 MP: 13/13
 19976 | Lair:5   | Identified the +6 mace "Holaah" {venom, *Slow +Blink rC+}
 20307 | D:11     | Found a staircase to the Orcish Mines.
 20329 | D:11     | Received a gift from Trog
 21046 | D:12     | Reached skill level 18 in Maces & Flails
 21217 | D:12     | Noticed Kirke
 21230 | D:12     | Killed Kirke
 21302 | D:12     | Noticed Maurice
 21314 | D:12     | Killed Maurice
 21803 | D:13     | Identified the +1 robe of Valour {Fly Int+4}
 24021 | D:13     | Found a gate to the Vaults.
 24237 | D:14     | Noticed Roxanne
 24902 | D:14     | Reached XP level 15. HP: 137/137 MP: 14/14
 24909 | D:14     | Noticed Josephine
 24922 | D:14     | Killed Josephine
 25197 | D:15     | Entered Level 15 of the Dungeon
 25304 | D:14     | Reached skill level 19 in Maces & Flails
 26112 | D:15     | Found a staircase to the Depths.
 26567 | D:15     | Identified the ring of Xom's Recklessness {rC+ rCorr SInv}
 27006 | D:15     | Upgraded the game from 0.31-a0-845-g9abc20d24f to
                  | 0.31-a0-920-g28cbb04a8c
 27085 | Orc:1    | Entered Level 1 of the Orcish Mines
 27223 | Orc:1    | Found Siaraq's Jewellery Boutique.
 27448 | Orc:2    | Entered Level 2 of the Orcish Mines
 27760 | Orc:2    | Received a gift from Trog
 27803 | Orc:2    | Found a staircase to the Elven Halls.
 28330 | Orc:2    | Found Icakhul's Book Shop.
 29350 | Orc:2    | Reached skill level 1 in Evocations
 29353 | Orc:2    | Found Quocopt's Armour Shop.
 29353 | Orc:2    | Found Zipt's General Store.
 29355 | Orc:2    | Found Jillenip's Assorted Antiques.
 29355 | Orc:2    | Found Muim Wim's General Store.
 29379 | Orc:2    | Bought the +8 plate armour of Impermeability {Regen+ rCorr
                  | Str+4 Stlth-} for 1073 gold pieces
 29630 | Lair:2   | Found a staircase to the Swamp.
 29820 | Orc:1    | Bought a ring of poison resistance for 220 gold pieces
 29952 | Snake:1  | Entered Level 1 of the Snake Pit
 30018 | Snake:1  | Received a gift from Trog
 30066 | Snake:1  | Noticed Azrael
 30081 | Snake:1  | Killed Azrael
 30339 | Snake:1  | Reached skill level 5 in Evocations
 30406 | Snake:1  | Found Keyziah's Distillery.
 30412 | Snake:1  | Found Buam's General Store.
 30426 | Snake:1  | Found Pigillat's Assorted Antiques.
 30430 | Snake:1  | Bought a potion of might for 56 gold pieces
 30564 | Snake:1  | You fall into a shaft and drop 1 floor!
 30927 | Snake:2  | Reached XP level 16. HP: 136/147 MP: 12/15
 31630 | Snake:2  | Received a gift from Trog
 31673 | Snake:2  | Identified the +6 ring mail "Tuorr" {Harm rElec}
 32663 | Snake:3  | Noticed Louise
 32693 | Snake:3  | Killed Louise
 32910 | Snake:3  | Reached skill level 10 in Evocations
 33035 | Snake:3  | Paralysed by a naga sharpshooter for 2 turns
 33125 | Snake:3  | Received a gift from Trog
 33229 | Snake:3  | Noticed Mara
 33278 | Snake:3  | Killed Mara
 34151 | Snake:4  | Entered Level 4 of the Snake Pit
 34331 | Snake:4  | Reached skill level 20 in Maces & Flails
 34468 | Snake:4  | Reached skill level 15 in Fighting
 34852 | Snake:4  | Reached skill level 15 in Armour
 34861 | Snake:4  | Found a hazy altar of Hepliaklqana.
 35066 | Snake:4  | Reached XP level 17. HP: 156/156 MP: 16/16
 35311 | Snake:4  | Received a gift from Trog
 35676 | Snake:4  | Got a serpentine rune of Zot
 35889 | Swamp:1  | Entered Level 1 of the Swamp
 35890 | Swamp:1  | Upgraded the game from 0.31-a0-920-g28cbb04a8c to
                  | 0.31-a0-1467-g53b6572822
 36837 | Swamp:2  | Noticed Frances
 36856 | Swamp:2  | Killed Frances
 36974 | Swamp:2  | Reached skill level 15 in Shields
 37721 | Swamp:4  | Entered Level 4 of the Swamp
 37854 | Swamp:4  | Noticed Mlioglotl
 37883 | Swamp:4  | Killed Mlioglotl
 38017 | Swamp:3  | Reached ****** piety under Trog
 38327 | Swamp:4  | Reached skill level 21 in Maces & Flails
 38361 | Swamp:4  | Reached XP level 18. HP: 167/168 MP: 17/17
 38522 | Swamp:4  | Got a decaying rune of Zot
 38841 | Depths:1 | Entered Level 1 of the Depths
 38892 | D:15     | Received a gift from Trog
 39143 | D:15     | Reached skill level 15 in Dodging
 40112 | Depths:1 | Found a gateway to Hell.
 40170 | Depths:1 | Found a glowing golden altar of the Shining One.
 40822 | Depths:2 | Found a one-way gateway to a ziggurat.
 41030 | Depths:2 | Paralysed by a sphinx for 2 turns
 41085 | Depths:2 | Received a gift from Trog
 41202 | Depths:2 | Identified the +1 leather armour of Courage {rN+}
 41214 | Depths:2 | Noticed a juggernaut
 41236 | Depths:2 | Noticed a lich
 41248 | Depths:2 | Killed a juggernaut
 41272 | Depths:2 | Found a one-way gate leading to the halls of Pandemonium.
 41288 | Depths:2 | Killed a lich
 41289 | Depths:2 | Reached XP level 19. HP: 117/177 MP: 18/18
 41370 | Depths:2 | Identified the amulet of the Dolphin {Faith -Tele rElec
                  | Regen+ MP+9}
 41533 | Depths:2 | Identified the ring of Poklog {MP+9 Dex+4}
 41711 | Depths:2 | Reached skill level 22 in Maces & Flails
 42197 | Depths:2 | Found Athraq's Jewellery Boutique.
 42807 | Depths:3 | Found a one-way gate to the infinite horrors of the Abyss.
 43443 | Depths:3 | Noticed a golden dragon
 43471 | Depths:3 | Killed a golden dragon
 43501 | Depths:3 | Found an iron altar of Okawaru.
 43592 | Depths:3 | Received a gift from Trog
 44745 | Depths:3 | Killed from afar by a storm dragon

Illustrated notes

Levels and vault maps discovered:
D:1:      minmay_arrival_stair_chambers, layout_basic,
          hellmonk_ecumenical_altar_dog_temple
D:2:      layout_rooms, serial_shops, nicolae_shop_bloodbath_and_beyond,
          kennysheep_generic_room_8, uniq_sigmund
D:3:      layout_loops_ring, nemelex_xobeh_ov_fountains_minmay,
          chequers_serial_rivers_room_b, hangedman_decor_lopped,
          guppyfry_early_orc_mine
D:4:      layout_cave_pools, serial_rivers, chequers_serial_rivers_small_3,
          chequers_serial_rivers_micro_d, chequers_serial_rivers_small_b,
          chequers_serial_rivers_micro_d, chequers_serial_rivers_room_b,
          uniq_pikel
D:5:      layout_gridville, zin_treasury, gup_sewer_entry_pipe,
          uniq_prince_ribbit1
D:6:      layout_loops_cross, uniq_edmund
D:7:      layout_basic, minmay_temple_entry_glass
D:8:      layout_basic, nicolae_gozag_cash_rules_everything_around_me,
          chequers_temple_overflow_minitemple, serial_shops,
          nicolae_shop_window_shopping, uniq_maggie
D:9:      layout_long_grid, jmf_multi_god_temple2, due_lair_maze_entry_diamond,
          grunt_potential
D:10:     minmay_clustersquares, layout_irregular_city, serial_shops, shop,
          uniq_gastronok
D:11:     layout_cross, orc_0_dummy
D:12:     layout_small_grid, lemuel_flamethrower_2, uniq_kirke, uniq_maurice
D:13:     layout_loops_ring, hangedman_vaults_entry_quadrant_bands
D:14:     layout_cave_pools, uniq_roxanne, uniq_josephine
D:15:     gammafunk_depths_entry_grave, layout_rooms, serial_bayou_lagoon_a
Lair:1:   layout_regular_city, chequers_serial_rivers_micro_a,
          serial_bayou_pond_b
Lair:2:   layout_gridlike, nicolae_swamp_entry_spooky, lemuel_fruit_fields
Lair:3:   layout_small_grid, dummy_snake_entry, portal_ice_cave_rime,
          st_stairs_11, nzn_sisyphean_effort, grunt_megastairs_5,
          infiniplex_staircase_pool_2
Lair:4:   layout_hall_layers, dpeg_slime_entry_enclosed
Lair:5:   grunt_lair_end_beastmaster, layout_concentric_octagons,
          serial_bayou_shore_b, serial_bayou_shore_a, lemuel_fruit_fields
Swamp:1:  layout_basic_swamp, hangedman_swamp_pad
Swamp:2:  layout_basic_swamp, evilmike_swamp_ruin_house_5, swamp_pool_1_2,
          nicolae_swamp_feature_on_the_river_bank, infiniplex_staircase_pool,
          uniq_frances
Swamp:3:  nicolae_swamp_ascending_descending_big, layout_basic_swamp,
          nicolae_swamp_fairy_circle
Swamp:4:  swamp_basic_johnstein, layout_basic_swamp, uniq_mlioglotl
Snake:1:  layout_basic, minmay_shop_star, uniq_azrael
Snake:2:  layout_honeycomb, nicolae_snake_springs
Snake:3:  layout_chambers, special_room, uniq_louise, uniq_mara
Snake:4:  grunt_snake_rune_pools, layout_cave_pods, basic_altar, st_stairs_14,
          abandoned_shop
Orc:1:    layout_caves, serial_shops, nicolae_shop_tiny_real_fake_doors,
          nicolae_orc_rockfall, mines_bat_river
Orc:2:    grunt_orc_tribal_feast, layout_caves, serial_shops,
          nicolae_shop_back_alley_shop, mines2_david
Depths:1: layout_gridville, nicolae_zig_zag_zippers, hellmouth_3,
          hangedman_decor_peaks_small, tso_metal_star
Depths:2: hangedman_cross_cluster, layout_basic, enter_ziggurat_c,
          mu_enter_wizlab_7, pan_entry, hell_entry, serial_shops,
          nicolae_shop_rolling_square, serial_bayou_shore_b
Depths:3: hangedman_cross_veins, layout_gridlike, lemuel_crystal_altar,
          abyss_entry_glasseish, rand_demon_pan_entry_4, hell_entry

Skill      XL: |  1  2  3  4  5  6  7  8  9 10 11 12 13 14 15 16 17 18 19 |
---------------+----------------------------------------------------------+-----
Maces & Flails | 4 5 7 9 10 12 14 15 17 18 19 20 21 22 | 22.4
Fighting       | 4 5 6 8 9 10 11 12 13 14 15 16 17 18 | 18.3
Armour         | 3 4 5 6 7 8 10 11 12 13 14 15 16 17 18 | 18.2
Dodging        | 3 4 5 6 7 9 10 11 12 13 14 15 16 | 16.5
Shields        | 1 2 3 5 6 7 9 10 11 12 13 14 15 16 17 | 17.5
Evocations     | 6 10 | 10.0

Action                     |  1- 3 |  4- 6 |  7- 9 | 10-12 | 13-15 | 16-18 | 19-21 || total
---------------------------+-------+-------+-------+-------+-------+-------+-------++-------
  Melee: Mace              |    62 |    55 |       |       |  1122 |   401 |       ||  1640
         Headbutt          |     5 |     8 |    56 |   189 |   520 |   777 |   256 ||  1811
         Punch             |     1 |       |       |       |       |       |       ||     1
         Flail             |       |    21 |   312 |   754 |   621 |       |       ||  1708
         Demon whip        |       |       |       |       |       |  2178 |   697 ||  2875
 Invoke: Berserk           |     2 |     2 |     2 |     8 |     8 |    10 |     2 ||    34
         Trog's Hand       |       |       |       |     4 |     9 |    10 |     2 ||    25
    Use: Scroll            |       |       |    17 |    11 |     7 |     6 |     4 ||    45
         Potion            |       |       |       |     1 |     2 |     1 |       ||     4
 Armour: Animal skin       |    27 |       |       |       |       |       |       ||    27
         Scale mail        |     2 |    47 |   150 |    68 |   379 |       |       ||   646
         Plate armour      |       |       |       |   505 |   639 |  1266 |   227 ||  2637
         Gold dragon scale |       |       |       |       |       |       |    80 ||    80
  Dodge: Dodged            |    34 |    24 |    88 |   278 |   688 |   632 |   128 ||  1872
  Block: Kite shield       |     1 |    22 |   123 |   439 |  1043 |    10 |       ||  1638
         Tower shield      |       |       |       |       |       |  2234 |   560 ||  2794

Table legend: (Time is in decaauts)
 A = Elapsed time spent in this place.
 B = Non-inter-level travel time spent in this place.
 C = Inter-level travel time spent in this place.
 D = Time resting spent in this place.
 E = Time spent auto-exploring this place.
 F = Levels seen in this place.
 G = Mean time per level.
                   A        B        C        D        E       F      G
               +--------+--------+--------+--------+--------+-----+--------+
         Total |  43841 |  42014 |   1827 |  11717 |  18805 |  34 | 1289.4 |
       Dungeon |  18893 |  18127 |    766 |   6083 |   8234 |  15 | 1259.5 |
          Lair |   9421 |   8932 |    489 |   3645 |   3599 |   5 | 1884.2 |
         Swamp |   2653 |   2540 |    113 |     35 |   1437 |   4 |  663.2 |
     Snake Pit |   5610 |   5365 |    245 |    766 |   2239 |   4 | 1402.5 |
  Orcish Mines |   2504 |   2340 |    164 |    491 |    879 |   2 | 1252.0 |
        Depths |   4579 |   4530 |     49 |    695 |   2295 |   3 | 1526.3 |
         Sewer |    178 |    178 |      0 |      0 |    120 |   1 |  178.0 |
               +--------+--------+--------+--------+--------+-----+--------+

Top non-repeatable levels by time:
  Lair:3: 2784 daAuts
     D:9: 2226 daAuts
    D:13: 1998 daAuts
Depths:2: 1977 daAuts
  Lair:4: 1945 daAuts
    D:15: 1896 daAuts
     D:8: 1886 daAuts
   Orc:2: 1873 daAuts
 Snake:3: 1787 daAuts
    D:12: 1633 daAuts
Depths:3: 1629 daAuts
  Lair:2: 1619 daAuts
    D:14: 1573 daAuts
  Lair:5: 1570 daAuts
  Lair:1: 1501 daAuts
